SAAA
BRINKLEY BELUGAS @ AUGUSTA TIMBER HAWKS
08/24/2022
 
TOP OF THE 1ST
Brinkley Belugas batting - Pitching for Augusta Timber Hawks : RHP Connor Dale
Pitching: RHP Connor Dale
Batting: RHB Steve Jones 0-0: Called Strike
0-1: Called Strike
0-2: Foul Ball, location: 2F
0-2: Ball
1-2: Strikes out swinging
Batting: RHB Jorge Salazar 0-0: Foul Ball, location: 2F
0-1: Swinging Strike
0-2: Ball
1-2: Fly out, F8 (Flyball, 8LD)
Batting: RHB Shawn Hicks 0-0: Called Strike
0-1: DOUBLE (Line Drive, 7LS)
Batting: RHB Reggie Kahn 0-0: Called Strike
0-1: Swinging Strike
0-2: Strikes out swinging
Top of the 1st over - 0 run(s), 1 hit(s), 0 error(s), 1 left on base; Brinkley 0 - Augusta 0
BOTTOM OF THE 1ST
Augusta Timber Hawks batting - Pitching for Brinkley Belugas : LHP Harvey Richards
Pitching: LHP Harvey Richards
Batting: LHB Gustavo Vázquez 0-0: Foul Ball, location: 2F
0-1: Ball
1-1: Ball
2-1: Ground out 4-3 (Groundball, 34)
Batting: LHB Ray Merrill 0-0: Ball
1-0: Foul Ball, location: 2F
1-1: Fly out, F6 (Popup, 6)
Batting: LHB Alberto Torres 0-0: Ball
1-0: Called Strike
1-1: Foul Ball, location: 2F
1-2: Foul Ball, location: 2F
1-2: Ball
2-2: Foul Ball, location: 2F
2-2: Ball
3-2: Foul Ball, location: 2F
3-2: Foul Ball, location: 2F
3-2: Foul Ball, location: 2F
3-2: DOUBLE (Line Drive, 3L)
Batting: LHB Brad Lawrence 0-0: Called Strike
0-1: Foul Ball, location: 2F
0-2: Ball
1-2: 2-RUN HOME RUN (Flyball, 9LD), Distance : 367 ft
Batting: RHB Hiwahikeiki Noelani 0-0: Ball
1-0: Called Strike
1-1: Ball
2-1: Foul Ball, location: 2F
2-2: Ball
3-2: Foul Ball, location: 2F
3-2: Foul Ball, location: 2F
3-2: SINGLE (Line Drive, 9S)
Batting: LHB Emílio Barbán 0-0: Ball
1-0: Swinging Strike
1-1: Ball
Hiwahikeiki Noelani steals 2nd base
2-1: Foul Ball, location: 2F
2-2: Strikes out looking
Bottom of the 1st over - 2 run(s), 3 hit(s), 0 error(s), 1 left on base; Brinkley 0 - Augusta 2
TOP OF THE 2ND
Brinkley Belugas batting - Pitching for Augusta Timber Hawks : RHP Connor Dale
Batting: RHB Mark Field 0-0: SINGLE (Groundball, 23) (infield hit)
Batting: RHB Kurt Chappell 0-0: Ball
1-0: Swinging Strike
1-1: Foul Ball, location: 2F
1-2: Fly out, F3 (Popup, 3DF)
Batting: LHB Eric Porter 0-0: Called Strike
0-1: Fielders Choice at 2nd, 1-6 (Groundball, 13)
Batting: RHB Pablo Alyala 0-0: Ball
1-0: Foul Ball, location: 2F
1-1: Foul Ball, location: 2F
1-2: Ball
2-2: Foul Ball, location: 2F
2-2: Foul Ball, location: 2F
2-2: Ground out 1-3 (Groundball, 13S)
Top of the 2nd over - 0 run(s), 1 hit(s), 0 error(s), 1 left on base; Brinkley 0 - Augusta 2
BOTTOM OF THE 2ND
Augusta Timber Hawks batting - Pitching for Brinkley Belugas : LHP Harvey Richards
Batting: SHB Jason Alexander 0-0: Ball
1-0: Ball
2-0: Called Strike
2-1: Ball
3-1: SOLO HOME RUN (Flyball, 78XD), Distance : 451 ft
Batting: RHB Justin Miles 0-0: Ball
1-0: Ball
2-0: Ball
3-0: Base on Balls
Batting: RHB Claudio Mendoza 0-0: Ball
1-0: Called Strike
1-1: Foul Ball, location: 2F
1-2: Foul Ball, location: 2F
1-2: Ball
2-2: Foul Ball, location: 2F
2-2: Foul Ball, location: 2F
2-2: Ball
3-2: Foul Ball, location: 2F
3-2: Foul Ball, location: 2F
3-2: Fly out, F6 (Line Drive, 6)
Batting: LHB Gustavo Vázquez 0-0: SINGLE (Groundball, 34)
Justin Miles to second
Runner from 2nd tries for 3rd, SAFE, throw made to third
Batting: LHB Ray Merrill 0-0: Ball
1-0: Foul Ball, location: 2F
1-1: SINGLE (Groundball, 4MD) (infield hit)
Justin Miles scores
Gustavo Vázquez to second
Batting: LHB Alberto Torres 0-0: Ball
1-0: Called Strike
1-1: Ball
2-1: Swinging Strike
2-2: Grounds into double play, 4-6-3 (Groundball, 4)
Bottom of the 2nd over - 2 run(s), 3 hit(s), 0 error(s), 1 left on base; Brinkley 0 - Augusta 4
TOP OF THE 3RD
Brinkley Belugas batting - Pitching for Augusta Timber Hawks : RHP Connor Dale
Batting: RHB Fernando Díaz 0-0: Called Strike
0-1: Swinging Strike
0-2: Foul Ball, location: 2F
0-2: Foul Ball, location: 2F
0-2: Ball
1-2: Ball
2-2: Ball
3-2: SINGLE (Groundball, 6MD)
Batting: RHB Steve Jones 0-0: Ball
1-0: Foul Ball, location: 2F
1-1: Ball
2-1: Ball
3-1: Base on Balls
Fernando Díaz to second
Batting: RHB Jorge Salazar 0-0: Foul Ball, location: 2F
0-1: Foul Ball, location: 2F
0-2: Ball
1-2: Foul Ball, location: 2F
1-2: Grounds into double play, 5-4-3 (Groundball, 56)
Fernando Díaz to third
Batting: RHB Shawn Hicks 0-0: Fly out, F5 (Popup, 5F)
Top of the 3rd over - 0 run(s), 1 hit(s), 0 error(s), 1 left on base; Brinkley 0 - Augusta 4
BOTTOM OF THE 3RD
Augusta Timber Hawks batting - Pitching for Brinkley Belugas : LHP Harvey Richards
Batting: LHB Brad Lawrence 0-0: Ball
1-0: Ground out 4-3 (Groundball, 4)
Batting: RHB Hiwahikeiki Noelani 0-0: Ball
1-0: Ball
2-0: Ball
3-0: Base on Balls
Batting: LHB Emílio Barbán 0-0: Foul Ball, location: 2F
Pickoff Throw to First - Out!
0-1: Ground out U3 (Groundball, 3L)
Bottom of the 3rd over - 0 run(s), 0 hit(s), 0 error(s), 0 left on base; Brinkley 0 - Augusta 4
TOP OF THE 4TH
Brinkley Belugas batting - Pitching for Augusta Timber Hawks : RHP Connor Dale
Batting: RHB Reggie Kahn 0-0: Fly out, F9 (Flyball, 9D)
Batting: RHB Mark Field 0-0: Ball
1-0: SINGLE (Line Drive, 89S)
Batting: RHB Kurt Chappell 0-0: Ball
1-0: DOUBLE (Flyball, 8LXD)
Mark Field to third
Batting: LHB Eric Porter 0-0: Called Strike
0-1: Called Strike
0-2: Foul Ball, location: 2F
0-2: Ball
1-2: Fly out, F8 (Flyball, 8RXD)
Runner from 3rd tags up, SCORES, no throw
Kurt Chappell to third
Batting: RHB Pablo Alyala 0-0: Ball
1-0: Called Strike
1-1: Ball
2-1: Foul Ball, location: 2F
2-2: Foul Ball, location: 2F
2-2: Fly out, F4 (Popup, 4MD)
Top of the 4th over - 1 run(s), 2 hit(s), 0 error(s), 1 left on base; Brinkley 1 - Augusta 4
BOTTOM OF THE 4TH
Augusta Timber Hawks batting - Pitching for Brinkley Belugas : LHP Harvey Richards
Batting: SHB Jason Alexander 0-0: Swinging Strike
0-1: Foul Ball, location: 2F
0-2: Ball
1-2: SINGLE (Line Drive, 8LS)
Batting: RHB Justin Miles 0-0: Ball
1-0: Ball
2-0: Ball
3-0: Base on Balls
Jason Alexander to second
Batting: RHB Claudio Mendoza 0-0: Called Strike
0-1: Swinging Strike
0-2: Ball
1-2: Ball
2-2: Foul Ball, location: 2F
2-2: Ball
3-2: Strikes out looking
Batting: LHB Gustavo Vázquez 0-0: Called Strike
0-1: SINGLE (Line Drive, 9LS)
Jason Alexander to third
Justin Miles to second
Batting: LHB Ray Merrill 0-0: Ball
1-0: Ball
2-0: Ball
3-0: Base on Balls
Jason Alexander scores
Justin Miles to third
Gustavo Vázquez to second
Batting: LHB Alberto Torres 0-0: Ball
1-0: Ball
2-0: Called Strike
2-1: Foul Ball, location: 2F
2-2: Foul Ball, location: 2F
2-2: Fly out, F8 (Flyball, 8RS)
Pitching: RHP Bob Compton
Batting: LHB Brad Lawrence 0-0: Called Strike
0-1: SINGLE (Line Drive, 6MD)
Justin Miles scores
Gustavo Vázquez to third
Ray Merrill to second
Batting: RHB Hiwahikeiki Noelani 0-0: Ball
1-0: Ball
2-0: Ball
3-0: Base on Balls
Gustavo Vázquez scores
Ray Merrill to third
Brad Lawrence to second
Batting: LHB Emílio Barbán 0-0: SINGLE (Groundball, 56D)
Ray Merrill scores
Brad Lawrence to third
Hiwahikeiki Noelani to second
Runner from 3rd tries for Home, SAFE, no throw or cutoff
Batting: SHB Jason Alexander 0-0: Ball
1-0: Called Strike
1-1: Called Strike
1-2: Ground out 4-3 (Groundball, 4)
Bottom of the 4th over - 5 run(s), 4 hit(s), 0 error(s), 2 left on base; Brinkley 1 - Augusta 9
TOP OF THE 5TH
Brinkley Belugas batting - Pitching for Augusta Timber Hawks : RHP Connor Dale
Batting: RHB Fernando Díaz 0-0: Ball
1-0: Foul Ball, location: 2F
1-1: Ground out 4-3 (Groundball, 4)
Batting: RHB Steve Jones 0-0: Ball
1-0: Ball
2-0: Called Strike
2-1: Foul Ball, location: 2F
2-2: Ball
3-2: Strikes out swinging
Batting: RHB Jorge Salazar 0-0: Called Strike
0-1: Ground out 5-3 (Groundball, 56S)
Top of the 5th over - 0 run(s), 0 hit(s), 0 error(s), 0 left on base; Brinkley 1 - Augusta 9
BOTTOM OF THE 5TH
Augusta Timber Hawks batting - Pitching for Brinkley Belugas : RHP Bob Compton
Batting: RHB Justin Miles 0-0: SINGLE (Groundball, 6MD)
Batting: RHB Claudio Mendoza 0-0: Sac Bunt - play at first, batter OUT! 2-4
Justin Miles to second
Batting: LHB Gustavo Vázquez 0-0: Ball
1-0: Foul Ball, location: 2F
1-1: Ball
2-1: Foul Ball, location: 2F
2-2: Ball
3-2: TRIPLE (Flyball, 78M)
Justin Miles scores
Batting: LHB Ray Merrill 0-0: SINGLE (Line Drive, 4D)
Gustavo Vázquez scores
Batting: LHB Alberto Torres 0-0: Foul Ball, location: 2F
0-1: SINGLE (Flyball, 8LS)
Ray Merrill to second
Batting: LHB Brad Lawrence 0-0: Foul Ball, location: 2F
0-1: Foul Ball, location: 2F
0-2: Ball
1-2: Grounds into double play, 4-6-3 (Groundball, 34)
Bottom of the 5th over - 2 run(s), 4 hit(s), 0 error(s), 1 left on base; Brinkley 1 - Augusta 11
TOP OF THE 6TH
Brinkley Belugas batting - Pitching for Augusta Timber Hawks : RHP Connor Dale
Batting: RHB Shawn Hicks 0-0: Called Strike
0-1: Swinging Strike
0-2: Ball
1-2: Ball
2-2: Foul Ball, location: 2F
2-2: Ground out 6-3 (Groundball, 6M)
Batting: RHB Reggie Kahn 0-0: Foul Ball, location: 2F
0-1: Ball
1-1: Called Strike
1-2: Ball
2-2: Strikes out swinging
Batting: RHB Mark Field 0-0: Ball
1-0: Called Strike
1-1: Fly out, F8 (Flyball, 8RM)
Top of the 6th over - 0 run(s), 0 hit(s), 0 error(s), 0 left on base; Brinkley 1 - Augusta 11
BOTTOM OF THE 6TH
Augusta Timber Hawks batting - Pitching for Brinkley Belugas : RHP Bob Compton
Pitching: RHP Reed Taylor
Batting: RHB Hiwahikeiki Noelani 0-0: Ball
1-0: Ball
2-0: SINGLE (Groundball, 5L)
Batting: LHB Emílio Barbán 0-0: Ball
1-0: Bunt missed!
1-1: Sac Bunt - play at first, batter OUT! 3-4
Hiwahikeiki Noelani to second
Batting: SHB Jason Alexander 0-0: Ball
1-0: Foul Ball, location: 2F
1-1: Ball
Wild Pitch!
Hiwahikeiki Noelani to third
2-1: Ball
3-1: Called Strike
3-2: Base on Balls
Batting: RHB Justin Miles 0-0: Foul Ball, location: 2F
0-1: Swinging Strike
0-2: Foul Ball, location: 2F
0-2: Ball
1-2: Foul Ball, location: 2F
1-2: Grounds into double play, 6-4-3 (Groundball, 6)
Bottom of the 6th over - 0 run(s), 1 hit(s), 0 error(s), 1 left on base; Brinkley 1 - Augusta 11
TOP OF THE 7TH
Brinkley Belugas batting - Pitching for Augusta Timber Hawks : RHP Connor Dale
Batting: RHB Kurt Chappell 0-0: Foul Ball, location: 2F
0-1: Swinging Strike
0-2: Ball
1-2: Strikes out swinging
Batting: LHB Eric Porter 0-0: Ball
1-0: Swinging Strike
1-1: Ball
2-1: Ball
3-1: Base on Balls
Batting: RHB Pablo Alyala 0-0: Ball
1-0: Called Strike
1-1: Called Strike
1-2: Foul Ball, location: 2F
1-2: Grounds into double play, 5-4-3 (Groundball, 56)
Top of the 7th over - 0 run(s), 0 hit(s), 0 error(s), 0 left on base; Brinkley 1 - Augusta 11
BOTTOM OF THE 7TH
Augusta Timber Hawks batting - Pitching for Brinkley Belugas : RHP Reed Taylor
Batting: RHB Claudio Mendoza 0-0: Called Strike
0-1: Called Strike
0-2: Ball
1-2: Ball
2-2: Ball
3-2: Base on Balls
Batting: LHB Gustavo Vázquez 0-0: Bunt missed!
0-1: Ball
Claudio Mendoza is caught stealing 2nd base
1-1: Foul Ball, location: 2F
1-2: Reached on error, E5 (Groundball, 56S)
Batting: LHB Ray Merrill 0-0: Called Strike
0-1: Ball
1-1: Ball
2-1: Ball
3-1: Called Strike
3-2: Base on Balls
Gustavo Vázquez to second
Batting: LHB Alberto Torres 0-0: Called Strike
0-1: Fly out, F8 (Flyball, 78M)
Batting: LHB Brad Lawrence 0-0: Foul Ball, location: 2F
0-1: Foul Ball, location: 2F
0-2: Ball
1-2: Fly out, F2 (Popup, 2LF)
Bottom of the 7th over - 0 run(s), 0 hit(s), 1 error(s), 2 left on base; Brinkley 1 - Augusta 11
TOP OF THE 8TH
Brinkley Belugas batting - Pitching for Augusta Timber Hawks : RHP Connor Dale
Pitching: RHP Aaron O'Neill
Batting: RHB Fernando Díaz 0-0: SINGLE (Groundball, 56D)
Batting: RHB Steve Jones 0-0: Ball
1-0: Ball
2-0: Swinging Strike
2-1: Fielders Choice at 2nd, U4 (Groundball, 4M)
Batting: RHB Jorge Salazar 0-0: Ball
1-0: Foul Ball, location: 2F
1-1: DOUBLE (Line Drive, 8RM)
Steve Jones to third
Runner from 3rd tries for Home, throw and OUT!
Batting: RHB Shawn Hicks 0-0: Ball
1-0: SINGLE (Line Drive, 56)
Jorge Salazar to third
Runner from 3rd tries for Home, SAFE, no throw or cutoff
Batting: RHB Reggie Kahn 0-0: Ground out 5-3 (Groundball, 5S)
Top of the 8th over - 1 run(s), 3 hit(s), 0 error(s), 1 left on base; Brinkley 2 - Augusta 11
BOTTOM OF THE 8TH
Augusta Timber Hawks batting - Pitching for Brinkley Belugas : RHP Reed Taylor
Batting: RHB Hiwahikeiki Noelani 0-0: Ground out 6-3 (Groundball, 6)
Pinch Hitting: RHB Jim Unknown 0-0: SINGLE (Groundball, 6MD)
Batting: SHB Jason Alexander 0-0: Foul Ball, location: 2F
0-1: Swinging Strike
0-2: Ball
1-2: Ball
2-2: Foul Ball, location: 2F
2-2: Ball
3-2: Foul Ball, location: 2F
3-2: Foul Ball, location: 2F
3-2: Foul Ball, location: 2F
3-2: Grounds into double play, 1-4-3 (Groundball, 15)
Bottom of the 8th over - 0 run(s), 1 hit(s), 0 error(s), 0 left on base; Brinkley 2 - Augusta 11
TOP OF THE 9TH
Brinkley Belugas batting - Pitching for Augusta Timber Hawks : RHP Aaron O'Neill
Now at SS: Jim Unknown
Now in RF: Phil Moore
Batting: RHB Mark Field 0-0: Fly out, F9 (Flyball, 9M)
Batting: RHB Kurt Chappell 0-0: Ball
1-0: Ball
2-0: Foul Ball, location: 2F
2-1: Ball
3-1: Called Strike
3-2: Base on Balls
Batting: LHB Eric Porter 0-0: Called Strike
0-1: Ball
1-1: Foul Ball, location: 2F
1-2: Foul Ball, location: 2F
1-2: Strikes out swinging
Batting: RHB Pablo Alyala 0-0: Called Strike
0-1: Foul Ball, location: 2F
0-2: Ground out 5-3 (Groundball, 5L)
Top of the 9th over - 0 run(s), 0 hit(s), 0 error(s), 1 left on base; Brinkley 2 - Augusta 11
This league is powered by Out of the Park Baseball, the baseball management simulation game for PC, Mac and Linux
Friday, April 15th, 2016 - OOTP Baseball 16.9 Build 39